Map: Blood Boil LE

Players

Kelazhur

  • Race: Terran Terran
  • Spawn Location: 5:00

Neeb - Winner!

  • Race: Protoss Protoss
  • Spawn Location: 11:00

Event: WCS Jonkoping 2017

VOD

Have the link to the VOD?

Description

Time

  • Played on: June 19, 2017, 12:36 p.m.
  • Length: 13:33

All games in this series

Show
View Real Time Build Order
Export as new Build Order

Kelazhur Terran 

Build Orders: MMM Bio 

Get SALT Encoding   

  12  0:00  Unknown, SCV  
  13  0:12  SCV  
  14  0:19  Supply Depot  
  14  0:25  SCV  
  16  0:44  Barracks  
  16  0:47  Refinery  
  15  1:00  Barracks  
  15  1:03  SCV  
  16  1:15  SCV  
  17  1:25  Refinery  
  17  1:31  Reaper  
  18  1:34  Orbital Command  
  18  1:51  Supply Depot  
  18  2:00  SCV  
  19  2:03  Reaper  
  20  2:12  SCV, Reaper  
  22  2:24  SCV  
  22  2:35  Reaper  
  22  2:37  Factory  
  23  2:39  SCV  
  24  2:44  Reaper  
  25  2:51  SCV, Supply Depot  
  26  3:04  SCV  
  27  3:07  Reaper  
  28  3:16  Reaper  
  28  3:18  SCV  
  30  3:28  Cyclone  
  30  3:30  SCV  
  34  3:46  SCV  
  34  3:48  Command Center  
  34  4:00  Cyclone  
  34  4:01  SCV  
  37  4:04  Supply Depot  
  37  4:09  Barracks  
  37  4:13  SCV  
  38  4:26  SCV  
  38  4:32  Cyclone  
  41  4:38  SCV  
  41  4:44  Command Center  
  42  4:50  SCV  
  43  4:58  Barracks Tech Lab  
  43  5:03  Orbital Command  
  43  5:04  SCV  
  44  5:07  Factory Reactor  
  41  5:17  SCV  
  41  5:24  Marine  
  41  5:25  Stimpack  
  42  5:29  SCV x2  
  42  5:31  Barracks Reactor  
  42  5:33  Barracks Reactor  
  42  5:35  Starport  
  44  5:41  SCV x2  
  46  5:45  Marine  
  47  5:53  SCV x2  
  47  5:56  Widow Mine x2  
  53  5:57  Orbital Command  
  53  6:05  SCV x2  
  53  6:06  Marine  
  53  6:08  Marine x2  
  58  6:17  SCV x2  
  58  6:18  Marine x2  
  59  6:20  Orbital Command  
  59  6:24  Marine  
  62  6:28  Marine x2  
  62  6:29  SCV x2  
  62  6:32  Engineering Bay x2, Factory Reactor  
  66  6:40  Marine x2  
  66  6:41  SCV x2  
  66  6:42  Marine  
  66  6:44  Refinery  
  71  6:53  SCV x2  
  71  6:54  SCV  
  70  6:59  Marine x3, Medivac x2  
  77  7:02  Terran Infantry Armor Level 1, Terran Infantry Weapons Level 1  
  77  7:05  SCV x2  
  77  7:09  Supply Depot  
  77  7:10  Supply Depot  
  77  7:15  Missile Turret  
  77  7:18  Supply Depot  
  77  7:24  SCV, Marine x3, Widow Mine x2  
  85  7:31  Marine x2, Combat Shields, SCV x2  
  85  7:32  Missile Turret  
  85  7:36  SCV  
  90  7:42  Marine  
  90  7:43  SCV x2  
  92  7:45  Marine x2  
  92  7:49  SCV  
  95  7:55  SCV  
  95  7:57  SCV  
  97  7:59  Marine  
  97  8:00  Marine  
  97  8:01  SCV, Widow Mine x2  
  97  8:05  Barracks x2  
  104  8:06  Armory, Supply Depot  
  104  8:08  Marine x2  
  104  8:09  Marine, SCV  
  107  8:13  SCV  
  107  8:18  SCV  
  107  8:19  Refinery  
  109  8:22  Supply Depot  
  109  8:27  Medivac x2  
  109  8:28  Marauder, SCV x2  
  117  8:36  Supply Depot  
  117  8:37  Supply Depot  
  117  8:43  SCV x2, Marine x4, Widow Mine  
  117  8:44  Supply Depot  
  117  8:46  Supply Depot  
  125  8:53  SCV  
  125  8:54  Widow Mine  
  125  8:55  SCV  
  125  9:01  Marauder, Marine x2  
  125  9:02  SCV  
  120  9:05  SCV  
  120  9:07  Barracks Tech Lab x2, SCV  
  120  9:08  Marine  
  120  9:09  Marine  
  124  9:12  Medivac x2  
  124  9:14  SCV  
  124  9:16  Terran Infantry Weapons Level 2  
  129  9:17  SCV  
  129  9:18  Supply Depot  
  129  9:19  SCV  
  129  9:23  Marauder  
  133  9:27  Marine x6  
  133  9:31  Terran Infantry Armor Level 2  
  139  9:42  Refinery  
  139  9:44  Marauder  
  143  9:45  Marauder, Supply Depot  
  143  9:49  Marine  
  143  9:50  Marine x3  
  143  9:51  Medivac  
  137  10:11  Marauder  
  126  10:14  Marine x2  
  126  10:15  Marauder  
  126  10:17  Widow Mine  
  126  10:21  Marauder, Marine x2  
  127  10:23  Command Center  
  127  10:25  Fusion Core  
  127  10:27  Starport  
  128  10:32  Marine x3  
  126  10:36  Marauder  
  126  10:38  Medivac  
  126  10:39  Marine x2  
  130  10:43  Marauder  
  124  10:50  Marine x3  
  124  10:53  Widow Mine x2  
  124  10:56  Marine  
  126  10:57  Marauder, Marine  
  129  11:04  Marauder, Barracks  
  129  11:05  Barracks, Medivac, Starport Tech Lab  
  129  11:07  Barracks  
  129  11:08  Marine x3, Medivac  
  129  11:11  Concussive Shells  
  136  11:14  Marine  
  136  11:15  Marine  
  138  11:19  Marauder  
  138  11:23  Liberator  
  138  11:25  Marine x2  
  141  11:26  Advanced Ballistics  
  141  11:29  Marauder, Marine  
  141  11:32  Marine  
  146  11:38  Marine  
  142  11:40  Marauder  
  143  11:47  Planetary Fortress  
  143  11:52  Marine  
  143  11:54  Marine x4  
  137  11:56  Marine  
  137  11:57  Liberator x2  
  130  12:01  Marine  
  116  12:10  Marine  
  116  12:11  Marine  
  116  12:12  Liberator, Marine x2, Marauder  
  116  12:14  Marine  
  116  12:19  Marauder, Refinery  
  116  12:20  Refinery  
  116  12:21  SCV x3  
  121  12:28  Marine  
  121  12:29  Marine x2  
  126  12:30  Marauder  
  126  12:32  Marine  
  126  12:34  Marauder  
  132  12:41  Marauder  
  131  12:46  Marine  
  131  12:47  Marine  
  133  12:52  Marauder  
  133  12:56  Marine x3  
  143  13:02  Marine  
  143  13:04  Marine  
  143  13:05  Marine  
  122  13:13  Marine  
  122  13:14  Marine x3  
Show
View Real Time Build Order
Export as new Build Order

Neeb Protoss - Winner!

Build Orders: 1 Gate Expand 

Get SALT Encoding   

  12  0:00  Probe (Chrono Boost), Unknown  
  13  0:11  Probe (Chrono Boost)  
  14  0:17  Pylon  
  14  0:22  Probe (Chrono Boost)  
  15  0:36  Probe (Chrono Boost)  
  15  0:37  Gateway  
  16  0:45  Assimilator  
  16  0:46  Probe (Chrono Boost)  
  18  0:57  Probe (Chrono Boost)  
  18  1:07  Probe (Chrono Boost)  
  19  1:21  Nexus  
  19  1:31  Cybernetics Core  
  19  1:38  Assimilator  
  19  1:43  Zealot (Chrono Boost)  
  19  1:46  Probe  
  22  1:53  Pylon  
  22  1:59  Probe  
  23  2:12  Mothership Core (Chrono Boost)  
  25  2:21  Adept (Chrono Boost)  
  24  2:33  Probe (Chrono Boost)  
  24  2:36  Probe (Chrono Boost)  
  26  2:43  Probe (Chrono Boost)  
  27  2:46  Probe (Chrono Boost), Adept  
  27  2:48  Warp Gate  
  30  2:54  Probe (Chrono Boost)  
  30  2:57  Probe (Chrono Boost)  
  32  3:04  Probe (Chrono Boost)  
  33  3:07  Probe (Chrono Boost)  
  34  3:15  Stargate  
  34  3:17  Probe (Chrono Boost)  
  35  3:22  Probe (Chrono Boost)  
  35  3:28  Probe (Chrono Boost)  
  37  3:34  Probe (Chrono Boost)  
  37  3:38  Probe (Chrono Boost)  
  38  3:45  Probe (Chrono Boost)  
  38  3:47  Adept  
  41  3:49  Probe (Chrono Boost)  
  41  3:53  Pylon  
  41  3:54  Probe (Chrono Boost)  
  43  3:59  Probe (Chrono Boost)  
  43  4:00  Oracle (Chrono Boost)  
  46  4:04  Probe  
  46  4:11  Probe  
  46  4:13  Pylon  
  46  4:14  Probe  
  48  4:23  Probe  
  49  4:25  Probe, Pylon  
  50  4:33  Robotics Facility  
  50  4:35  Probe x2  
  54  4:38  Phoenix (Chrono Boost)  
  54  4:46  Probe  
  54  4:47  Probe  
  54  4:52  Gateway  
  56  4:57  Probe, Pylon  
  56  4:59  Probe  
  60  5:00  Phoenix (Chrono Boost)  
  60  5:07  Probe, Assimilator  
  60  5:11  Probe  
  62  5:18  Probe  
  60  5:22  Phoenix (Chrono Boost)  
  60  5:23  Observer  
  60  5:24  Probe  
  64  5:28  Probe  
  64  5:29  Nexus  
  64  5:33  Pylon  
  65  5:37  Probe  
  65  5:39  Probe  
  65  5:40  Pylon  
  67  5:43  Oracle (Chrono Boost)  
  67  5:49  Probe x2  
  71  5:54  Pylon  
  72  5:58  Twilight Council  
  72  5:59  Forge  
  72  6:00  Probe  
  72  6:01  Probe  
  72  6:05  Sentry  
  72  6:10  Probe, Adept  
  76  6:13  Pylon, Probe  
  78  6:21  Probe  
  78  6:25  Probe, Resonating Glaives  
  80  6:26  Protoss Ground Weapons Level 1 (Chrono Boost)  
  80  6:33  Probe  
  80  6:34  Gateway  
  80  6:37  Probe, Gateway  
  80  6:38  Gateway x2  
  82  6:41  Probe  
  82  6:45  Probe  
  84  6:49  Probe  
  84  6:52  Probe  
  86  6:57  Probe  
  86  7:00  Observer (Chrono Boost)  
  85  7:01  Probe  
  85  7:03  Probe  
  85  7:05  Sentry  
  85  7:06  Adept  
  85  7:08  Assimilator x2  
  91  7:09  Pylon  
  91  7:11  Probe  
  91  7:14  Probe  
  93  7:17  Probe  
  93  7:20  Warp Prism (Chrono Boost)  
  96  7:23  Probe  
  96  7:28  Gateway  
  97  7:30  Gateway  
  97  7:31  Probe x2  
  97  7:32  Photon Cannon  
  97  7:33  Pylon  
  97  7:34  Pylon  
  97  7:36  Probe  
  97  7:37  Adept  
  102  7:39  Pylon  
  102  7:41  Photon Cannon  
  102  7:44  Adept x3  
  106  7:50  Blink, Adept x2  
  112  7:58  Pylon  
  112  8:00  Observer (Chrono Boost)  
  112  8:04  Protoss Ground Armor Level 1  
  113  8:08  Pylon  
  113  8:10  Photon Cannon  
  113  8:11  Pylon  
  113  8:12  Photon Cannon  
  112  8:18  Adept x3  
  112  8:19  Observer (Chrono Boost), Adept  
  115  8:29  Robotics Bay  
  115  8:31  Nexus  
  115  8:33  Robotics Facility  
  115  8:36  Stalker x4  
  123  8:48  Adept x3  
  123  8:49  Adept  
  128  9:01  Probe x3  
  119  9:08  Stalker x4  
  127  9:10  Stalker x3  
  127  9:13  Probe x2  
  127  9:15  Pylon  
  141  9:31  Pylon  
  141  9:32  Disruptor x2 (Chrono Boost)  
  141  9:35  Adept x2  
  143  9:44  Stalker x2  
  147  9:47  Photon Cannon  
  147  9:50  Pylon  
  147  9:51  Pylon  
  147  9:55  Gateway  
  147  9:57  Forge, Protoss Ground Weapons Level 2, Gateway, Assimilator  
  147  10:00  Assimilator  
  147  10:02  Probe x3  
  147  10:05  Probe  
  149  10:19  Stalker x3  
  154  10:21  Disruptor (Chrono Boost)  
  149  10:38  Stalker x5  
  149  10:41  Probe x2  
  156  10:44  Probe  
  156  10:48  Adept x3  
  155  10:51  Probe  
  155  10:53  Probe  
  155  10:54  Probe  
  155  10:55  Protoss Ground Armor Level 2  
  155  10:56  Probe  
  154  10:57  Warp Prism (Chrono Boost)  
  154  10:58  Warp Prism (Chrono Boost)  
  154  11:02  Pylon  
  158  11:05  Photon Cannon x2  
  158  11:11  Stalker x7  
  158  11:14  Pylon  
  172  11:20  Photon Cannon, Nexus  
  172  11:21  Pylon  
  169  11:26  Pylon  
  169  11:29  Adept x3  
  173  11:43  Adept x5  
  173  11:44  Adept x2  
  185  11:53  Stalker x3  
  181  11:54  Disruptor x2 (Chrono Boost)  
  157  12:13  Stalker x3  
  157  12:14  Stalker x4  
  169  12:21  Probe  
  170  12:23  Probe, Assimilator  
  170  12:25  Assimilator  
  170  12:29  Photon Cannon  
  179  12:30  Immortal x2 (Chrono Boost)  
  177  12:55  Adept x6  
  177  12:56  Adept x2  
  185  13:18  Adept x2  
  185  13:19  Adept x5  
Tags
 
Add a new tag
Caveats
  • Supply blocks, unpowered buildings, or Contaminate may cause inaccurate times.
  • Supply counts are checked every 10 seconds.